 Dungeon Crawl Stone Soup version 0.21-a0-225-g207ae17 (webtiles) character file.

10 Goblin1989 the Insei (level 2, 0/21 HPs)
             Began as a Demonspawn Transmuter on Aug 29, 2017.
             Slain by a rat (2 damage)
             ... on level 1 of the Dungeon.
             The game lasted 00:01:34 (336 turns).

Goblin1989 the Insei (Demonspawn Transmuter)         Turns: 336, Time: 00:01:35

Health: 0/21       AC:  2    Str: 10    XL:     2   Next: 10%
Magic:  4/5        EV: 12    Int: 14    God:
Gold:   0          SH:  0    Dex: 15    Spells: 4/5 levels left

rFire    . . .     SeeInvis .     - Unarmed
rCold    . . .     Gourm    .   (no shield)
rNeg     . . .     Faith    .   b - +0 robe
rPois    .         Spirit   .   (no helmet)
rElec    .         Reflect  .   (no cloak)
rCorr    .         Harm     .   (no gloves)
MR       .....                  (no boots)
Stlth    ++........             (no amulet)
HPRegen  0.07/turn              (no ring)
MPRegen  0.09/turn              (no ring)

@: very slightly contaminated
A: thin skeletal structure 1
a: no special abilities


You were on level 1 of the Dungeon.
You were not hungry.

You visited 1 branch of the dungeon, and saw 1 of its levels.

Inventory:

Missiles
 a - 12 arrows
Armour
 b - a +0 robe (worn)
Potions
 f - a potion of agility {unknown}
Books
 c - a book of Changes

   Spells                             Type                      Level
   a - Beastly Appendage              Transmutation                1
   b - Sticks to Snakes               Transmutation                2
   c - Spider Form                    Transmutation/Poison         3
   d - Ice Form                       Ice/Transmutation            4
   e - Blade Hands                    Transmutation                5
Comestibles
 e - a bread ration {@e1}


   Skills:
 - Level 1.0 Fighting
 - Level 1.7 Dodging
 + Level 3.3 Unarmed Combat
 - Level 2.0 Spellcasting
 - Level 1.7 Transmutations


You had 4 spell levels left.
You knew the following spells:

 Your Spells              Type           Power        Failure   Level  Hunger
a - Beastly Appendage     Tmut           #.....       12%         1    ##.....


Dungeon Overview and Level Annotations

Branches:
Dungeon (1/15)

Altars:


Innate Abilities, Weirdness & Mutations

You have a somewhat thin skeletal structure. (Dex +2, Stealth)


Message History

You see here a bat corpse.
You butcher the bat corpse.
g - a chunk of flesh You see here a bat skeleton.
You start resting.
All of the chunks of flesh in your inventory have rotted away.
HP restored.
Health restored: 15 Unknown command.
Things that are here:
a club; a rat skeleton; a hobgoblin skeleton
Things that are here:
a club; a hobgoblin skeleton Key pressed, stopping explore.
A kobold comes into view. It is wielding a whip.
You see here a scroll labeled YMUBROI OFUDU.
A kobold is nearby!
A kobold is nearby!
A kobold is nearby!
A kobold comes into view.
The kobold shouts!
A goblin comes into view. It is wielding a club.
A kobold comes into view. It is wielding a short sword.
The kobold shouts!
The kobold shouts!
You hit the kobold but do no damage.
The kobold throws a stone.
The stone hits you but does no damage. The kobold hits you with a whip.
You closely miss the kobold.
The kobold throws a stone.
The stone closely misses you. The kobold hits you with a whip.
You are too injured to fight recklessly!
You are too injured to fight recklessly!
You are too injured to fight recklessly!
You are too injured to fight recklessly!
You are too injured to fight recklessly!
You are too injured to fight recklessly!
You take 6 damage, and have 9/15 hp.
MASSIVE DAMAGE!!
You are too injured to fight recklessly!
You are too injured to fight recklessly!
You are too injured to fight recklessly!
You are too injured to fight recklessly!
You are too injured to fight recklessly!
You are too injured to fight recklessly!
You are too injured to fight recklessly!
You are too injured to fight recklessly!
You are too injured to fight recklessly!
You are too injured to fight recklessly!
You are too injured to fight recklessly!
You are too injured to fight recklessly!
You are too injured to fight recklessly!
You are too injured to fight recklessly!
You are too injured to fight recklessly!
You are too injured to fight recklessly!
You are too injured to fight recklessly!
You are too injured to fight recklessly!
You are too injured to fight recklessly!
You are too injured to fight recklessly!
You are too injured to fight recklessly!
You are too injured to fight recklessly!
The kobold throws a stone.
The stone hits you but does no damage.
You see here a scroll labeled YMUBROI OFUDU.
Casting: Beastly Appendage
Confirm with . or Enter, or press ? or * to list all spells.
You miscast Beastly Appendage.
You are very lightly contaminated with residual magic.
Nothing appears to happen.
The kobold misses you.
You now have 2/3 mp.
You hit the kobold.
You kill the kobold!
You hit the goblin.
You kill the goblin!
You closely miss the kobold. The kobold hits you with a short sword.
* * * LOW HITPOINT WARNING * * *
You take 6 damage, and have 4/15 hp.
MASSIVE DAMAGE!!
You hit the kobold.
The kobold is heavily wounded.
The kobold hits you with a short sword.
* * * LOW HITPOINT WARNING * * *
You take 3 damage, and have 1/15 hp.
You hit the kobold.
You kill the kobold!
You have reached level 2!
Your demonic ancestry asserts itself...
Your bones become slightly less dense.
The kobold throws a stone.
The stone misses you.
A kobold comes into view. It is wielding a dagger.
The kobold moves out of view.
You hit the kobold.
The kobold is heavily wounded.
The kobold closely misses you.
You hit the kobold.
You kill the kobold!
A rat comes into view.
Items here: ))) ††† The kobold shouts!
The kobold throws a stone.
The stone barely misses you.
You see here 2 stones.
The kobold throws a stone.
The stone misses you.
You barely miss the rat. The rat barely misses you.
You hit the rat but do no damage. The rat bites you.
You die...

█.█ █.......█
███████.████.......█
.........(.█.......██
..............).....██.
█..........███..).█.)..
█ .█████?█████..██..██..
...█████)████...███.....
.......(((..█.8.█ ......
.......@....█...█.......
......r.....█.8.█.......
............█...█...?...
............█.>.█....%..
......K.....█...█.......
............█.8.█
....█.......█...█
█...█..██████.8.██████
█.............█


You could see a kobold and a rat.

Vanquished Creatures
  A goblin (D:1)
  2 hobgoblins (D:1)
  3 kobolds (D:1)
  A bat (D:1)
  A frilled lizard (D:1)
  A rat (D:1)
9 creatures vanquished.

Notes
Turn   | Place    | Note
-------+----------+-------------------------------------------
     0 | D:1      | Goblin1989 the Demonspawn Transmuter began the quest for the Orb.
     0 | D:1      | Reached XP level 1. HP: 15/15 MP: 3/3
    38 | D:1      | Reached skill level 3 in Unarmed Combat
   328 | D:1      | Gained mutation: You have a somewhat thin skeletal structure. (Dex +2, Stealth) [demonic ancestry]
   328 | D:1      | Reached XP level 2. HP: 1/21 MP: 3/5
   336 | D:1      | Slain by a rat

Vault maps used:
D:1:      lemuel_arrival_hallway

Skill      XL: |  1 |
---------------+----+-----
Unarmed Combat | 3 |  3.3
Fighting       | |  1.0
Dodging        | |  1.7
Spellcasting   | |  2.0
Transmutations | |  1.7

Action                   || total
-------------------------++-------
Melee: Unarmed           ||    31
Armor: Robe              ||     9
Dodge: Dodged            ||    21

Table legend:
 A = Spawn XP
 B = Non-spawn XP
 C = Spawn XP percentage of total XP
 D = Spawn monster count
 E = Non-spawn monster count
 F = Spawn count percentage of total count
 G = Total turns spent on level
                    A         B        C        D         E        F      G
               +---------+---------+-------+---------+---------+-------+---------
         Total |       0 |      15 |   0.0 |       0 |       9 |   0.0 |   336
               +---------+---------+-------+---------+---------+-------+---------
           D:1 |       0 |      15 |   0.0 |       0 |       9 |   0.0 |   336
               +---------+---------+-------+---------+---------+-------+---------

Vault maps used:
D:1:      lemuel_arrival_hallway
